 Dungeon Crawl Stone Soup version 0.20-b1-24-gb21faa7 (webtiles) character file.

12 cereshysteria the Charmwright (level 2, 0/31 HPs)
             Began as a Naga Skald on May 25, 2017.
             Slain by a jackal (2 damage)
             ... on level 1 of the Dungeon.
             The game lasted 00:01:35 (454 turns).

cereshysteria the Charmwright (Naga Skald)           Turns: 454, Time: 00:01:36

Health: 0/31       AC:  2    Str: 13    XL:     2   Next: 33%
Magic:  2/4        EV:  9    Int: 13    God:
Gold:   22         SH:  0    Dex: 10    Spells: 4/5 levels left

rFire    . . .     SeeInvis +   a - +0 spear
rCold    . . .     Gourm    .   (no shield)
rNeg     . . .     Faith    .   b - +0 leather armour
rPois    +         Spirit   .   (no helmet)
rElec    .         Reflect  .   (no cloak)
rCorr    .         Harm     .   (no gloves)
MR       .....                  (no barding)
Stlth    +.........             e - amulet of inaccuracy (curse)
Regen    0.1/turn               (no ring)
MPRegen  0.1/turn               (no ring)

@: short of breath, infused (expiring), very slow
A: see invisible, deformed body, low mp 2, poison resistance, robust 2, slowness
2, slow metabolism 1, spit poison 1, AC +0
a: Spit Poison


You were on level 1 of the Dungeon.
You were not hungry.

You visited 1 branch of the dungeon, and saw 1 of its levels.

You collected 22 gold pieces.

Inventory:

Hand Weapons
 a - a +0 spear (weapon)
Armour
 b - a +0 leather armour (worn)
Jewellery
 e - a cursed amulet of inaccuracy (around neck)
Scrolls
 f - a scroll of immolation {unknown}
Books
 c - a book of Battle

   Spells                             Type                      Level
   a - Infusion                       Charms                       1
   b - Shroud of Golubria             Charms/Translocation         2
   c - Song of Slaying                Charms                       2
   d - Spectral Weapon                Hexes/Charms                 3
   e - Regeneration                   Charms/Necromancy            3
Comestibles
 d - 2 bread rations
 g - 2 chunks of flesh


   Skills:
 * Level 2.1 Fighting
 + Level 2.2 Polearms
 - Level 0.7 Armour
 + Level 1.6 Dodging
 * Level 2.1 Spellcasting
 + Level 3.2 Charms


You had 4 spell levels left.
You knew the following spells:

 Your Spells              Type           Power        Failure   Level  Hunger
a - Infusion              Chrm           #...         9%          1    ##.....


Dungeon Overview and Level Annotations

Branches:
Dungeon (1/15)

Altars:


Innate Abilities, Weirdness & Mutations

You cannot wear boots.
Your serpentine skin is tough. (AC +0)
You have supernaturally acute eyesight. (SInv)
Armour fits poorly on your strangely shaped body.
Your system is resistant to poisons. (rPois)
You cover ground very slowly.
You have a slow metabolism.
You can spit poison.
Your magical capacity is very low. (-20% MP)
You are very robust. (+20% HP)


Message History

You hit the jackal!
You kill the jackal!
The jackal completely misses you. The jackal bites you.
* * * LOW HITPOINT WARNING * * *
The jackal barely misses you. The jackal closely misses you.
The jackal bites you.
* * * LOW HITPOINT WARNING * * *
The jackal bites you but does no damage.
The jackal bites you.
* * * LOW HITPOINT WARNING * * *
The jackal closely misses you. The jackal closely misses you.
The jackal bites you.
* * * LOW HITPOINT WARNING * * *
The jackal closely misses you. The jackal barely misses you.
A jackal comes into view.
Your magical infusion is running out.
The jackal barks!
Press: ? - help, Shift-Dir - straight line, p - jackal You feel slightly more hungry.
The jackal bites you.
You die...

#...######.#######...#..
#....................#.#
#.........##...####..#..
###.#..)..(÷..........#.#
...........÷#...####.##..
............#...####.##.#
......#.....#...#........
......#hh...#...#.###.#.#
......#.@...#...# #.#.#
............#...# #.#.#
................. #...#
.............#### ##..#
............# .>.
............# ...
..h.........#
.....#.##....


You could see 3 jackals.

Vanquished Creatures
  3 goblins (D:1)
  A hobgoblin (D:1)
  A jackal (D:1)
  2 kobolds (D:1)
  2 bats (D:1)
  A rat (D:1)
10 creatures vanquished.

Notes
Turn   | Place    | Note
-------+----------+-------------------------------------------
     0 | D:1      | cereshysteria the Naga Skald began the quest for the Orb.
     0 | D:1      | Reached XP level 1. HP: 19/19 MP: 3/3
    59 | D:1      | Gained mutation: You are robust. (+10% HP) [potion of mutation]
    59 | D:1      | Gained mutation: Your magical capacity is low. (-10% MP) [potion of mutation]
    59 | D:1      | Gained mutation: Your magical capacity is very low. (-20% MP) [potion of mutation]
    59 | D:1      | Gained mutation: You are very robust. (+20% HP) [potion of mutation]
   262 | D:1      | Reached XP level 2. HP: 31/31 MP: 4/4
   454 | D:1      | Slain by a jackal

Action                   || total
-------------------------++-------
Melee: Spear             ||    41
 Cast: Infusion          ||     2
 Abil: Spit Poison       ||     1
  Use: Scroll            ||     1
       Potion            ||     1
Armor: Leather armour    ||     8
Dodge: Dodged            ||    43
